 Dungeon Crawl Stone Soup version 0.19.5 (webtiles) character file.

107 Felix the Conjurer (level 4, -2/24 HPs)
             Began as a Tengu Conjurer on Mar 12, 2017.
             Slain by Grinder (3 damage)
             ... on level 3 of the Dungeon.
             The game lasted 00:09:17 (2964 turns).

Felix the Conjurer (Tengu Conjurer)                 Turns: 2964, Time: 00:09:17

Health: -2/24      AC:  2    Str:  9    XL:     4   Next: 86%
Magic:  4/8        EV: 12    Int: 16    God:
Gold:   87         SH:  0    Dex: 14    Spells: 3 memorised, 0 levels left

rFire  . . .     SeeInvis .     d - +0 dagger
rCold  . . .     Gourm    .     a - +0 robe
rNeg   . . .     Faith    .     (no shield)
rPois  .         Spirit   .     (helmet restricted)
rElec  .         Reflect  .     (no cloak)
rCorr  .         Harm     .     (no gloves)
MR     .....                    (boots unavailable)
Stlth  ++........               (no amulet)
                                (no ring)
                                (no ring)

@: drained
A: beak, talons 3
a: no special abilities


You were on level 3 of the Dungeon.
You were not hungry.

You visited 1 branch of the dungeon, and saw 3 of its levels.

You collected 87 gold pieces.

Inventory:

Hand Weapons
 d - a +0 dagger (weapon)
Armour
 a - a +0 robe (worn)
Wands
 k - a wand of iceblast (7/15)
Scrolls
 e - 4 scrolls of identify {unknown}
 f - 2 scrolls of teleportation {unknown}
 g - 6 scrolls of remove curse {unknown}
 j - a scroll of noise {unknown}
 m - a scroll of enchant weapon {unknown}
 n - a scroll of amnesia {unknown}
Potions
 h - 2 potions of heal wounds {unknown}
 i - a potion of brilliance {unknown}
 l - a potion of curing {unknown}
Books
 b - a book of Conjurations

   Spells                             Type                      Level
   a - Magic Dart                     Conjuration                  1
   b - Searing Ray                    Conjuration                  2
   c - Dazzling Spray                 Conjuration/Hexes            3
   d - Fulminant Prism                Conjuration/Hexes            4
   e - Iskenderun's Mystic Blast      Conjuration                  4
   f - Iskenderun's Battlesphere      Conjuration/Charms           5
Comestibles
 c - a bread ration
 o - a chunk of flesh


   Skills:
 + Level 2.2(1.7) Dodging
 + Level 2.1(1.6) Stealth
 + Level 2.4(1.8) Spellcasting
 * Level 7.5(6.8) Conjurations


You couldn't memorise any spells.
You knew the following spells:

 Your Spells              Type           Power        Failure   Level  Hunger
a - Magic Dart            Conj           ###.         1%          1    #......
b - Searing Ray           Conj           ###...       1%          2    ###....
c - Iskenderun's Mystic   Conj           ###.....     14%         4    #####..


Dungeon Overview and Level Annotations

Branches:
Dungeon (3/15)

Altars:
Xom

Annotations:
D:3 Grinder; feelmyfire's ghost, amateur VSEn


Innate Abilities, Weirdness & Mutations

You have a beak for a mouth.
You have claws for feet.


Message History

Grinder blinks!
You see here a scroll labeled GEKHLI DIMOSIRCH.
g - 6 scrolls labeled GEKHLI DIMOSIRCH (gained 1) Grinder says, "There's only one good use for a tongue: cutting it out."
Grinder hits you!
You writhe in agony.
Casting: Magic Dart
Confirm with . or Enter, or press ? or * to list all spells.
Aiming: Searing Ray
Press: ? - help, Shift-Dir - straight line, f/p - Grinder
Aim: Grinder (lightly wounded)
The searing ray hits Grinder.
Grinder is lightly wounded. (Press . to maintain the ray.) Grinder hits you but does no damage.
The searing ray hits Grinder.
Grinder is moderately wounded.
Grinder hits you!
* * * LOW HITPOINT WARNING * * *
You writhe in agony.
You die...

.!.......<...##.##.#.###
.....####..#.##.........
.................#.#.##.
#.......#.......##.#.##.
...#.....####.##.#.##.
.....................
#..##.##...........
#.5##..............
.#########.@#####...###.##..
............................
.#########.......<.........#
##.######......####
#######.#######.###.....
............# #.# ######
#######.##### #.######## #.#
#.##......
#.#######.########


You could see Grinder.

Vanquished Creatures
  Ijyb (D:3)
  3 adders (D:2)
  2 dart slugs
  2 leopard geckos (D:2)
  6 bats
  2 giant cockroaches
  7 goblins
  4 hobgoblins (D:1)
  9 kobolds
  2 quokkas (D:2)
  3 frilled lizards
  7 rats
48 creatures vanquished.

Notes
Turn   | Place    | Note
-------+----------+-------------------------------------------
     0 | D:1      | Felix the Tengu Conjurer began the quest for the Orb.
     0 | D:1      | Reached XP level 1. HP: 10/10 MP: 4/4
   230 | D:1      | Reached XP level 2. HP: 15/15 MP: 1/6
   328 | D:1      | Reached skill level 6 in Conjurations
   416 | D:1      | Learned a level 2 spell: Searing Ray
   727 | D:1      | Reached XP level 3. HP: 19/19 MP: 2/7
  1689 | D:2      | Reached XP level 4. HP: 24/24 MP: 5/8
  1739 | D:2      | Learned a level 4 spell: Iskenderun's Mystic Blast
  1775 | D:2      | Found a shimmering altar of Xom.
  1833 | D:2      | Reached skill level 7 in Conjurations
  2008 | D:2      | Found a faded altar of an unknown god.
  2400 | D:3      | Noticed Ijyb
  2590 | D:3      | Noticed feelmyfire's ghost (amateur VSEn)
  2811 | D:3      | Killed Ijyb
  2955 | D:3      | Noticed Grinder
  2964 | D:3      | HP: 1/24 [Grinder (11)]
  2964 | D:3      | Slain by Grinder

Skill      XL: |  1  2  3  4 |
---------------+-------------+-----
Conjurations   | 6 7 |  7.5
Dodging        | |  2.2
Stealth        | |  2.1
Spellcasting   | |  2.4

Action                   |  1- 3 |  4- 6 || total
-------------------------+-------+-------++-------
Melee: Dagger            |       |     4 ||     4
 Cast: Magic Dart        |    45 |    23 ||    68
       Searing Ray       |     9 |     8 ||    17
       Iskenderun's Myst |       |     1 ||     1
  Eat: Bread ration      |     1 |       ||     1
       Chunk             |       |     2 ||     2
       Meat ration       |       |     1 ||     1
Armor: Robe              |     4 |     3 ||     7
Dodge: Dodged            |     6 |     7 ||    13
